 Dungeon Crawl Stone Soup version 0.30-a0-1164-ge08a67761e (webtiles) character file.

Game seed: 13189565521157885990

2951 NotreDorf the Magician (level 9, 0/71 HPs)
             Began as a Gnoll Warper on Apr 29, 2023.
             Was a Follower of Sif Muna.
             Slain by a two-headed ogre
             ... wielding a +0 giant club
              (21 damage)
             ... on level 8 of the Dungeon.
             The game lasted 00:34:24 (7201 turns).

NotreDorf the Magician (Gnoll Warper)               Turns: 7201, Time: 00:34:26

Health: 0/71       AC: 11    Str: 14    XL:     9   Next: 81%
Magic:  18/19      EV: 18    Int: 13    God:    Sif Muna [*.....]
Gold:   542        SH:  5    Dex: 12    Spells: 8/22 levels left

rFire   . . .        a - +2 hand axe
rCold   . . .        g - +0 buckler
rNeg    . . .        i - +2 troll leather armour
rPois   .            B - +2 hat
rElec   .            x - +0 cloak
rCorr   .            b - +0 pair of gloves
SInv    .            (no boots)
Will    .....        (no amulet)
Stlth   ++           r - +5 ring of evasion
HPRegen 1.11/turn    t - ring of wizardry
MPRegen 0.16/turn

%: wizardry (x1)
@: no status effects
A: fangs 1, strong nose, distributed training
a: Renounce Religion, Channel Magic


You were on level 8 of the Dungeon.
You worshipped Sif Muna.
Sif Muna was aware of your devotion.
You visited 2 branches of the dungeon, and saw 10 of its levels.
You also visited: Sewer.

You collected 542 gold pieces.

Inventory:

Hand Weapons
 a - a +2 hand axe (weapon)
 d - a +2 halberd of freezing
Missiles
 s - 6 boomerangs (quivered)
Armour
 b - a +0 pair of gloves (worn)
 g - a +0 buckler (worn)
 i - a +2 troll leather armour (worn)
 n - the +0 ring mail "Duhu" {rF+ SInv}
   (You found it on level 6 of the Dungeon)

   rF:        It protects you from fire.
   SInv:      It lets you see invisible.
 x - a +0 cloak (worn)
 B - a +2 hat (worn)
 F - the +0 robe of Leapfrog {rPois}
   (You found it on level 8 of the Dungeon)

   rPois:     It protects you from poison.
Jewellery
 k - an amulet of faith
 r - a +5 ring of evasion (left hand)
 t - a ring of wizardry (right hand)
 C - a +6 ring of dexterity
Scrolls
 c - 2 scrolls of blinking
 j - a scroll of fear {unknown}
 l - 6 scrolls of teleportation
 v - a scroll of torment {unknown}
 y - 2 scrolls of amnesia
 z - a scroll of fog {unknown}
 A - 2 scrolls of vulnerability {unknown}
 E - 2 scrolls of identify
Potions
 e - 3 potions of degeneration {unknown}
 f - 2 potions of heal wounds
 h - a potion of cancellation
 m - a potion of mutation {unknown}
 o - 3 potions of curing
 p - a potion of might
 q - a potion of lignification
 u - 3 potions of invisibility
 w - a potion of magic
 D - a potion of resistance {unknown}


   Skills:
 + Level 6.7 Fighting
 + Level 4.8 Short Blades
 + Level 4.8 Long Blades
 + Level 6.7 Axes
 + Level 4.8 Maces & Flails
 + Level 4.8 Polearms
 + Level 4.8 Staves
 + Level 4.8 Ranged Weapons
 + Level 5.5 Throwing
 + Level 5.5 Armour
 + Level 6.7 Dodging
 + Level 4.8 Stealth
 + Level 4.8 Shields
 + Level 4.8 Unarmed Combat
 + Level 7.0 Spellcasting
 + Level 3.9 Conjurations
 + Level 3.9 Hexes
 + Level 3.9 Summonings
 + Level 3.9 Necromancy
 + Level 6.8 Translocations
 + Level 3.9 Transmutations
 + Level 3.9 Fire Magic
 + Level 3.9 Ice Magic
 + Level 3.9 Air Magic
 + Level 3.9 Earth Magic
 + Level 3.9 Poison Magic
 + Level 5.2 Invocations
 + Level 4.8 Evocations


You had 8 spell levels left.
You knew the following spells:

 Your Spells              Type           Power      Damage    Failure   Level
a - Blink                 Tloc           44%        N/A       1%          2
b - Teleport Other        Tloc           22%        N/A       1%          3
c - Vhi's Electric Charg  Tloc/Air       36%        N/A       3%          3
d - Manifold Assault      Tloc           22%        N/A       6%          4
e - Lesser Beckoning      Tloc           44%        N/A       1%          2

Your spell library contained the following spells:

 Spells                   Type           Power      Damage    Failure   Level
 Necrotise                Necr           56%        1d6       1%          1
 Shock                    Conj/Air       56%        1d6       1%          1
 Ozocubu's Armour         Ice            14%        N/A       6%          3
 Swiftness                Air            14%        N/A       6%          3
 Vampiric Draining        Necr           14%        2d7       6%          3
 Airstrike                Air            7%         2d(1-17)  19%         4
 Agony                    Necr           14%        N/A       45%         5
 Ozocubu's Refrigeration  Ice            7%         4d9       100%        7
 Borgnjor's Revivificati  Necr           7%         N/A       100%        8
 Necromutation            Tmut/Necr      7%         N/A       100%        8
 Death's Door             Necr           7%         N/A       100%        9


Dungeon Overview and Level Annotations

Branches:
Dungeon (9/15)             Temple (1/1) D:6           Sewer (visited)
   Lair: D:8-11         Orc: D:9-12

Altars:
Cheibriados
Elyvilon
Fedhas
Hepliaklqana
Kikubaaqudgha
Makhleb
Nemelex Xobeh
Okawaru
Qazlal
Ru
Sif Muna
Trog
Uskayaw
Vehumet
Wu Jian
Xom
Yredelemnul
Zin
The Shining One

Annotations:
Temple 2 transporters


Innate Abilities, Weirdness & Mutations

You have very sharp teeth.
Your uncanny sense of smell can sniff out nearby items.
Your experience applies equally to all skills.


Message History

You hit the two-headed ogre.
The two-headed ogre is moderately wounded.
You barely miss the two-headed ogre.
The two-headed ogre is moderately wounded.
The two-headed ogre closely misses you.
The two-headed ogre hits you with a +0 giant club!
You slash the two-headed ogre!
The two-headed ogre is heavily wounded.
The two-headed ogre closely misses you. The two-headed ogre misses you.
You barely miss the two-headed ogre. Your bite misses the two-headed ogre.
The two-headed ogre is heavily wounded.
You hit the two-headed ogre.
The two-headed ogre is heavily wounded.
The two-headed ogre misses you. The two-headed ogre barely misses you.
You hit the two-headed ogre.
The two-headed ogre is heavily wounded.
The two-headed ogre completely misses you.
The two-headed ogre hits you with a +0 giant club!!
You hit the two-headed ogre.
The two-headed ogre is heavily wounded.
The two-headed ogre misses you.
The two-headed ogre hits you with a +0 giant club!
You completely miss the two-headed ogre.
Your bite misses the two-headed ogre.
The two-headed ogre is heavily wounded.
You barely miss the two-headed ogre.
The two-headed ogre is heavily wounded.
The two-headed ogre misses you. x2
You hit the two-headed ogre.
The two-headed ogre is severely wounded.
The two-headed ogre hits you with a +0 giant club. x2
You hit the two-headed ogre. Your bite misses the two-headed ogre.
The two-headed ogre is severely wounded.
You hit the two-headed ogre but do no damage.
Your bite misses the two-headed ogre.
The two-headed ogre is severely wounded.
The two-headed ogre hits you with a +0 giant club!
* * * LOW HITPOINT WARNING * * *
The two-headed ogre hits you with a +0 giant club!!
You die...

#......###.##.......#
#.#.....)......######
#.###.####.##### #.# #.# #.#
#.###.# #.# #.....# #.# #######
#.# ########### #O# #########
#.........# #@# #........
#.#######.# #.# #.######. ..#
##..# ##.## #.# #. ..# ###.#.##
##...## ###.#### #. ..# #..###.#
#.....# #......# #. ..###.#.#.##
##...## #.#.##.# #)
..........######.######.#.##.###.
.<###.#.#......................#.
#.........######)#######.#(......


You could see a two-headed ogre.

Vanquished Creatures
  Sigmund (D:2)
  An acid dragon (D:8)
  6 ice beasts
  3 sky beasts
  An ogre (D:6)
  2 phantoms
  2 centaurs
  3 bullfrogs
  3 scorpions (D:4)
  3 wights (D:6)
  6 killer bees
  A jelly (D:3)
  4 hounds
  3 orc priests (D:8)
  2 sleepcaps
  Terence (D:2)
  Natasha (thrice) (D:2)
  2 orc wizards
  2 gnolls (D:8)
  11 adders
  A river rat (D:3)
  A white imp (D:4)
  5 worms
  2 dart slugs
  9 orcs
  8 endoplasms
  15 giant cockroaches
  5 goblins
  7 hobgoblins
  9 jackals
  10 kobolds
  6 quokkas
  14 ball pythons
  7 bats
  11 frilled lizards
  7 rats
177 creatures vanquished.

Notes
Turn   | Place    | Note
-------+----------+-------------------------------------------
     0 | D:1      | NotreDorf the Gnoll Warper began the quest for the Orb.
     0 | D:1      | Reached XP level 1. HP: 20/20 MP: 6/6
    80 | D:1      | Reached XP level 2. HP: 21/26 MP: 7/7
   802 | D:1      | Reached skill level 5 in Spellcasting
   802 | D:1      | Reached XP level 3. HP: 27/31 MP: 7/9
  1024 | D:2      | Noticed Natasha
  1039 | D:2      | Killed Natasha
  1040 | D:2      | Reached skill level 1 in Short Blades
  1040 | D:2      | Reached skill level 1 in Long Blades
  1040 | D:2      | Reached skill level 1 in Maces & Flails
  1040 | D:2      | Reached skill level 1 in Polearms
  1040 | D:2      | Reached skill level 1 in Staves
  1040 | D:2      | Reached skill level 1 in Ranged Weapons
  1040 | D:2      | Reached skill level 1 in Stealth
  1040 | D:2      | Reached skill level 1 in Shields
  1040 | D:2      | Reached skill level 1 in Unarmed Combat
  1040 | D:2      | Reached skill level 1 in Invocations
  1040 | D:2      | Reached skill level 1 in Evocations
  1185 | D:2      | Reached XP level 4. HP: 38/38 MP: 11/11
  1213 | D:2      | Found a faded altar of an unknown god.
  1241 | D:2      | Reached skill level 1 in Conjurations
  1241 | D:2      | Reached skill level 1 in Hexes
  1241 | D:2      | Reached skill level 1 in Summonings
  1241 | D:2      | Reached skill level 1 in Necromancy
  1241 | D:2      | Reached skill level 1 in Transmutations
  1241 | D:2      | Reached skill level 1 in Fire Magic
  1241 | D:2      | Reached skill level 1 in Ice Magic
  1241 | D:2      | Reached skill level 1 in Air Magic
  1241 | D:2      | Reached skill level 1 in Earth Magic
  1241 | D:2      | Reached skill level 1 in Poison Magic
  1309 | D:2      | Noticed Natasha
  1326 | D:2      | Killed Natasha
  1441 | D:2      | Reached XP level 5. HP: 40/43 MP: 12/12
  1453 | D:2      | Noticed Sigmund
  1495 | D:2      | Killed Sigmund
  1496 | D:2      | Reached skill level 5 in Fighting
  1496 | D:2      | Reached skill level 5 in Axes
  1496 | D:2      | Reached skill level 5 in Dodging
  1496 | D:2      | Reached XP level 6. HP: 21/51 MP: 14/14
  1600 | D:2      | Noticed Terence
  1623 | D:2      | Killed Terence
  1729 | D:2      | Noticed Natasha
  1739 | D:2      | Killed Natasha
  1850 | D:2      | Learned a level 2 spell: Blink
  1854 | D:2      | Learned a level 3 spell: Teleport Other
  1858 | D:2      | Learned a level 3 spell: Vhi's Electric Charge
  2218 | D:3      | Learned a level 4 spell: Manifold Assault
  2251 | D:3      | Found a blossoming altar of Fedhas.
  2330 | D:3      | Found a glowing drain.
  2363 | Sewer    | Entered a sewer
  2401 | Sewer    | Reached XP level 7. HP: 56/56 MP: 15/15
  2742 | D:3      | Found a burning altar of Makhleb.
  3193 | D:4      | Learned a level 2 spell: Lesser Beckoning
  3629 | D:4      | Reached XP level 8. HP: 56/63 MP: 16/16
  3942 | D:4      | Found an ornate altar of the Wu Jian Council.
  3942 | D:4      | Found a sparkling altar of Nemelex Xobeh.
  4036 | D:5      | Entered Level 5 of the Dungeon
  4441 | D:5      | Reached skill level 6 in Spellcasting
  4924 | D:6      | Found a sacrificial altar of Ru.
  5039 | D:6      | Found a staircase to the Ecumenical Temple.
  5045 | Temple   | Entered the Ecumenical Temple
  5045 | Temple   | Found a transporter.
  5045 | Temple   | Found a transporter.
  5047 | Temple   | Found a transporter.
  5047 | Temple   | Found a transporter.
  5069 | Temple   | Became a worshipper of Sif Muna the Loreminder
  5191 | D:6      | Identified the +0 ring mail "Duhu" {rF+ SInv}
  5483 | D:6      | Reached XP level 9. HP: 28/69 MP: 18/18
  5547 | D:7      | Reached skill level 5 in Throwing
  5547 | D:7      | Reached skill level 5 in Armour
  5608 | D:7      | Found a radiant altar of Vehumet.
  5887 | D:8      | Reached * piety under Sif Muna
  5897 | D:8      | Found a shimmering altar of Xom.
  6084 | D:8      | Reached skill level 5 in Invocations
  6588 | D:8      | Reached skill level 7 in Spellcasting
  6676 | D:8      | Noticed a two-headed ogre
  6831 | D:8      | Identified the +0 robe of Leapfrog {rPois}
  7121 | D:9      | Noticed a skeletal warrior
  7121 | D:9      | Noticed a skeletal warrior
  7201 | D:8      | Slain by a two-headed ogre

Illustrated notes

Levels and vault maps discovered:
D:1:      dpeg_arrival_round_c, layout_basic, serial_corexii_hall,
          chequers_hall_statues_wall_a, corexii_hall_statues_i
D:2:      minmay_chambers_of_ones, layout_basic,
          hellmonk_ecumenical_altar_lost_god, uniq_terence, uniq_natasha,
          uniq_sigmund
D:3:      layout_loops_corners, lemuel_tele_altar,
          mainiacjoe_overflow_concentric_impassable, portal_sewer_entry_e
D:4:      layout_loops_ring, amethyst_overflow_temple_binary
D:5:      layout_loops_cross
D:6:      layout_rooms, hangedman_ru_absence, temple_green, minmay_circle_x
D:7:      layout_cave_pools, fiery_altar_vehumet
D:8:      layout_loops_corners, tgw_xom
D:9:      layout_roguey, ashenzari_altar_1, mainiacjoe_overflow_six_doors_small,
          orc_0_dummy, minmay_misc_feat_iff, wad_floor_pattern_2,
          nicolae_water_bricks, nicolae_shop_i_like_small_books_too,
          uniq_erolcha, uniq_psyche, uniq_grum
Temple:   hellmonk_temple_divided_pantheon

Skill      XL: |  1  2  3  4  5  6  7  8  9 |
---------------+----------------------------+-----
Spellcasting   | 5 6 7 |  7.0
Short Blades   | 1 2 3 4 |  4.8
Long Blades    | 1 2 3 4 |  4.8
Maces & Flails | 1 2 3 4 |  4.8
Polearms       | 1 2 3 4 |  4.8
Staves         | 1 2 3 4 |  4.8
Ranged Weapons | 1 2 3 4 |  4.8
Stealth        | 1 2 3 4 |  4.8
Shields        | 1 2 3 4 |  4.8
Unarmed Combat | 1 2 3 4 |  4.8
Invocations    | 1 2 3 4 5 |  5.2
Evocations     | 1 2 3 4 |  4.8
Conjurations   | 1 2 3 |  3.9
Hexes          | 1 2 3 |  3.9
Summonings     | 1 2 3 |  3.9
Necromancy     | 1 2 3 |  3.9
Transmutations | 1 2 3 |  3.9
Fire Magic     | 1 2 3 |  3.9
Ice Magic      | 1 2 3 |  3.9
Air Magic      | 1 2 3 |  3.9
Earth Magic    | 1 2 3 |  3.9
Poison Magic   | 1 2 3 |  3.9
Fighting       | 5 6 |  6.7
Axes           | 5 6 |  6.7
Throwing       | 3 4 5 |  5.5
Armour         | 3 4 5 |  5.5
Dodging        | 5 6 |  6.7
Translocations | 6 |  6.8

Action                     |  1- 3 |  4- 6 |  7- 9 || total
---------------------------+-------+-------+-------++-------
  Melee: Hand axe          |    88 |   235 |   675 ||   998
         Punch             |     1 |     6 |     7 ||    14
         Bite              |    10 |    27 |    77 ||   114
  Throw: Boomerang         |       |     5 |     5 ||    10
   Cast: Manifold Assault  |       |     1 |     3 ||     4
         Teleport Other    |       |       |     4 ||     4
         Vhi's Electric Ch |       |       |     2 ||     2
         Lesser Beckoning  |       |       |     1 ||     1
    Use: Potion            |       |     2 |     7 ||     9
         Scroll            |       |       |    12 ||    12
   Stab: Sleeping          |     1 |     1 |     1 ||     3
         Distracted        |       |     1 |     1 ||     2
 Armour: Leather armour    |    18 |       |       ||    18
         Troll leather arm |     8 |    60 |   165 ||   233
  Dodge: Dodged            |    57 |   176 |   671 ||   904
  Block: Buckler           |       |       |    99 ||    99

Table legend: (Time is in decaauts)
 A = Elapsed time spent in this place.
 B = Non-inter-level travel time spent in this place.
 C = Inter-level travel time spent in this place.
 D = Time resting spent in this place.
 E = Time spent auto-exploring this place.
 F = Levels seen in this place.
 G = Mean time per level.
                   A        B        C        D        E       F      G
               +--------+--------+--------+--------+--------+-----+--------+
         Total |   7283 |   6963 |    320 |    186 |   4577 |  11 |  662.1 |
       Dungeon |   6881 |   6561 |    320 |    186 |   4577 |   9 |  764.6 |
        Temple |     39 |     39 |      0 |      0 |      0 |   1 |   39.0 |
         Sewer |    362 |    362 |      0 |      0 |      0 |   1 |  362.0 |
               +--------+--------+--------+--------+--------+-----+--------+

Top non-repeatable levels by time:
     D:8: 1369 daAuts
     D:1: 988 daAuts
     D:3: 983 daAuts
     D:2: 910 daAuts
     D:4: 869 daAuts
     D:6: 759 daAuts
     D:5: 686 daAuts
   Sewer: 362 daAuts
     D:7: 246 daAuts
     D:9: 67 daAuts
  Temple: 39 daAuts
